 Dungeon Crawl Stone Soup version 0.21-a0-241-g2cbab09 (webtiles) character file.

23 tidbits the Caller (level 2, -13/19 HPs)
             Began as a Demonspawn Summoner on Sept 3, 2017.
             Mangled by an ogre
             ... wielding a +0 giant club
              (28 damage)
             ... on level 4 of the Dungeon.
             The game lasted 00:06:37 (927 turns).

tidbits the Caller (Demonspawn Summoner)             Turns: 927, Time: 00:06:37

Health: -13/19     AC:  2    Str:  8    XL:     2   Next: 75%
Magic:  2/5        EV: 12    Int: 16    God:
Gold:   74         SH:  0    Dex: 13    Spells: 2/5 levels left

rFire    . . .     SeeInvis .   a - +0 short sword
rCold    + . .     Gourm    .   (no shield)
rNeg     . . .     Faith    .   f - +0 robe
rPois    .         Spirit   .   (no helmet)
rElec    .         Reflect  .   (no cloak)
rCorr    .         Harm     .   (no gloves)
MR       .....                  (no boots)
Stlth    ++........             (no amulet)
HPRegen  0.06/turn              (no ring)
MPRegen  0.09/turn              (no ring)

@: no status effects
A: cold resistance 1
a: no special abilities


You were on level 4 of the Dungeon.
You were not hungry.

You visited 1 branch of the dungeon, and saw 4 of its levels.

You collected 74 gold pieces.

Inventory:

Hand Weapons
 a - a +0 short sword (weapon)
 i - a +0 dagger
 j - a +0 hand axe
 n - a +0 club
Missiles
 o - 38 stones (quivered)
Armour
 f - a +0 robe (worn)
Wands
 m - a wand of random effects (32/48)
Scrolls
 d - a scroll of blinking {unknown}
 g - a scroll of magic mapping {unknown}
Potions
 e - a potion of degeneration {unknown}
 k - a potion of lignification {unknown}
Books
 b - a book of Callings

   Spells                             Type                      Level
   a - Summon Small Mammal            Summoning                    1
   b - Call Imp                       Summoning                    2
   c - Call Canine Familiar           Summoning                    3
   d - Summon Guardian Golem          Hexes/Summoning              3
   e - Summon Lightning Spire         Summoning/Air                4
   f - Summon Ice Beast               Ice/Summoning                4
 p - a book of Cantrips
   (You found it on level 4 of the Dungeon)

   Spells                             Type                      Level
   a - Confusing Touch                Hexes                        1
   b - Animate Skeleton               Necromancy                   1
   c - Summon Small Mammal            Summoning                    1
   d - Apportation                    Translocation                1
Comestibles
 c - a bread ration
 h - 2 royal jellies
 l - 2 meat rations


   Skills:
 - Level 1.7 Dodging
 - Level 1.7 Stealth
 + Level 2.1 Spellcasting
 * Level 4.7 Summonings


You had 2 spell levels left.
You knew the following spells:

 Your Spells              Type           Power        Failure   Level  Hunger
i - Call Imp              Summ           ###.....     4%          2    ###....
z - Summon Small Mammal   Summ           ###.         3%          1    #......


Dungeon Overview and Level Annotations

Branches:
Dungeon (4/15)
 Temple: D:4-7

Altars:

Annotations:
D:2 Jessica


Innate Abilities, Weirdness & Mutations

Your flesh is cold resistant. (rC+)


Message History

That's the wrong kind of item! (Use * to select it.) Evoke which item? (* to show all) (? for menu, Esc to quit)
Huh?
Evoke which item? (* to show all) (? for menu, Esc to quit)
Okay, then.
Casting: Call Imp
Confirm with . or Enter, or press ? or * to list all spells.
A beastly little devil appears in a puff of frigid air.
The quokka skeleton moves out of view.
The quokka skeleton bites you.
You hit the quokka skeleton.
The quokka skeleton is heavily damaged.
The quokka skeleton barely misses you.
Your white imp hits the quokka skeleton.
Your white imp freezes the quokka skeleton.
The quokka skeleton completely resists.
The quokka skeleton barely misses you.
You barely miss the quokka skeleton.
The quokka skeleton is severely damaged.
Your white imp hits the quokka skeleton.
The quokka skeleton is destroyed!
You now have 74 gold pieces (gained 10).
You swap places.
Found a metal-bound book.
An ogre comes into view. It is wielding a giant club.
You see here a book of Cantrips.
p - a book of Cantrips The ogre shouts!
Casting: Call Imp
Confirm with . or Enter, or press ? or * to list all spells.
A beastly little devil appears in a puff of flame.
Casting: Call Imp
Confirm with . or Enter, or press ? or * to list all spells.
Your crimson imp blinks! 2 bats come into view.
Casting: Summon Small Mammal
Confirm with . or Enter, or press ? or * to list all spells.
Your bat hits the ogre but does no damage.
Your crimson imp blinks!
Okay, then.
Your bat hits the ogre but does no damage.
The bat hits your bat. The bat closely misses your bat.
Your bat closely misses the bat.
The bat barely misses your bat.
Your bat barely misses the ogre.
The ogre hits your bat with a giant club!
Your bat dies!
Your bat's corpse disappears in a puff of smoke!
Your crimson imp blinks!
A bat comes into view.
Your bat closely misses the ogre.
The bat moves out of view.
The bat barely misses you. The bat closely misses your bat. The bat misses you.
Your white imp misses the bat.
A bat comes into view.
The bat hits you. The bat barely misses you. The bat closely misses you.
Your bat closely misses the ogre.
The ogre barely misses you. The bat hits your bat. The bat barely misses you.
Your white imp gestures at the bat.
The puff of frost hits the bat.
The bat dies!
You hit the ogre but do no damage.
The bat hits your bat but does no damage.
The bat hits you but does no damage.
Your bat hits the bat but does no damage.
The bat hits your bat but does no damage.
The ogre barely misses you. The bat barely misses you.
You hit the ogre.
The ogre is lightly wounded.
The bat barely misses you. The bat hits you but does no damage.
Your bat misses the bat. The ogre closely misses you.
Your white imp hits the ogre but does no damage.
The bat closely misses you.
You hit the ogre.
The ogre is lightly wounded.
Your bat hits the bat. The bat closely misses you. The bat misses you.
Your bat barely misses the bat.
Your white imp barely misses the ogre.
The bat misses you. The ogre misses you. The bat barely misses you.
Your crimson imp hits the ogre.
Your bat closely misses the bat.
A bat comes into view.
You hit the ogre.
The ogre is heavily wounded.
The bat barely misses you.
Your bat misses the bat. The bat barely misses you. The bat hits you.
Your white imp gestures at the ogre.
The puff of frost hits the ogre.
The bat hits you but does no damage.
Your crimson imp hits the ogre but does no damage.
Your bat closely misses the bat.
The ogre hits your white imp with a giant club!
You hit the ogre.
The ogre is almost dead.
The bat hits you. The bat barely misses you. x2
Your bat closely misses the bat.
The bat misses your crimson imp.
The bat closely misses your crimson imp.
Your white imp barely misses the ogre.
Your crimson imp barely misses the ogre.
You hit the ogre.
The ogre is almost dead.
The bat barely misses you.
Your bat closely misses the bat.
The bat barely misses you. The bat misses you. The bat barely misses you.
The ogre hits you with a giant club!!
Ouch! That really hurt!
You die...

.# ... .# ....
.## .... ..# ...
..##
.###.####...#
........b...##
#....b@b...##
##...b.O....#
##..b55....#
##........#
##...####....
####..#..###..##
#..........# .#
#.##.....#.# .
#...#....#.#


You could see an ogre, 4 bats, a friendly crimson imp, a friendly white imp and
a friendly bat.

Vanquished Creatures
  An ooze (D:1)
  A bat (D:2)
  2 frilled lizards
  A goblin (D:2)
5 creatures vanquished.

Vanquished Creatures (collateral kills)
  An adder (D:2)
  A leopard gecko (D:2)
  4 bats
  2 giant cockroaches (D:2)
  A goblin (D:1)
  2 hobgoblins (D:1)
  A quokka (D:2)
  A ball python (D:1)
  2 frilled lizards (D:1)
  A kobold (D:2)
  A quokka skeleton (D:4)
17 creatures vanquished.

Grand Total: 22 creatures vanquished

Notes
Turn   | Place    | Note
-------+----------+-------------------------------------------
     0 | D:1      | tidbits the Demonspawn Summoner began the quest for the Orb.
     0 | D:1      | Reached XP level 1. HP: 13/13 MP: 3/3
   126 | D:2      | Noticed Jessica
   461 | D:2      | Gained mutation: Your flesh is cold resistant. (rC+) [demonic ancestry]
   461 | D:2      | Reached XP level 2. HP: 14/19 MP: 3/5
   465 | D:2      | Learned a level 2 spell: Call Imp
   914 | D:4      | Noticed an ogre
   927 | D:4      | Mangled by an ogre

Vault maps used:
D:1:      dpeg_arrival_rooms_a, serial_curves, eino_curves_01, eino_curves_02,
          eino_curves_02
D:2:      gammafunk_temple_overflow_statue, kennysheep_okawaru_gauntlet,
          led_sif_pool, uniq_jessica, uniq_natasha, uniq_sigmund
D:3:      serial_forest, infiniplex_forest_clump_curved,
          infiniplex_forest_end_1, infiniplex_forest_end_3,
          infiniplex_forest_end_2, infiniplex_forest_clump_double,
          infiniplex_forest_end_double, infiniplex_forest_end_2,
          infiniplex_forest_clump_long, infiniplex_forest_straight_2
D:4:      grunt_temple_overflow_open, old_standard_altar, roderic_batcave,
          minmay_misc_feat_chi, uniq_duvessa

Action                   || total
-------------------------++-------
Melee: Unarmed           ||    22
       Club              ||    15
       Dagger            ||     2
       Short sword       ||     9
 Cast: Summon Small Mamm ||    21
       Call Imp          ||     8
 Stab: Sleeping          ||     1
  Eat: Chunk             ||     1
Armor: Robe              ||    26
Dodge: Dodged            ||    61

Table legend:
 A = Spawn XP
 B = Non-spawn XP
 C = Spawn XP percentage of total XP
 D = Spawn monster count
 E = Non-spawn monster count
 F = Spawn count percentage of total count
 G = Total turns spent on level
                    A         B        C        D         E        F      G
               +---------+---------+-------+---------+---------+-------+---------
         Total |       2 |      32 |   5.9 |       1 |      21 |   4.5 |   927
               +---------+---------+-------+---------+---------+-------+---------
           D:1 |       0 |      13 |   0.0 |       0 |      10 |   0.0 |   375
           D:2 |       2 |      17 |  10.5 |       1 |       9 |  10.0 |   468
           D:4 |       0 |       2 |   0.0 |       0 |       2 |   0.0 |    39
               +---------+---------+-------+---------+---------+-------+---------

Table legend:
 A = Turns spent in this place as a percentage of turns spent in the entire game.
 B = Non-inter-level travel turns spent in this place as a percentage of non-inter-level travel turns spent in the entire game.
 C = Inter-level travel turns spent in this place as a percentage of turns spent in this place.
 D = Turns resting spent in this place as a percentage of non-inter-level travel turns spent in this place.
 E = Turns spent auto-exploring this place as a percentage of non-inter-level travel turns spent in this place.
 F = Non-inter-level travel turns spent in this place divided by the number of levels of this place that you've seen.
                   A       B       C       D       E      F
               +-------+-------+-------+-------+-------+----------------------
         Total | 100.0 | 100.0 |  10.0 |   0.0 |   0.0 | 208.5
       Dungeon | 100.0 | 100.0 |  10.0 |   0.0 |   0.0 | 208.5
               +-------+-------+-------+-------+-------+----------------------

Table legend:
 A = Kills in this place as a percentage of kills in entire the game.
 B = Kills by you in this place as a percentage of kills by you in the entire game.
 C = Kills by friends in this place as a percentage of kills by friends in the entire game.
 D = Other kills in this place as a percentage of other kills in the entire game.
 E = Experience gained in this place as a percentage of experience gained in the entire game.
 F = Experience gained in this place divided by the number of levels of this place that you have seen.
                   A       B       C       D       E      F
               +-------+-------+-------+-------+-------+----------------------
         Total | 100.0 | 100.0 | 100.0 |   N/A | 100.0 |   8.5
       Dungeon | 100.0 | 100.0 | 100.0 |   N/A | 100.0 |   8.5
               +-------+-------+-------+-------+-------+----------------------

Vault maps used:
D:1:      dpeg_arrival_rooms_a, serial_curves, eino_curves_01, eino_curves_02,
          eino_curves_02
D:2:      gammafunk_temple_overflow_statue, kennysheep_okawaru_gauntlet,
          led_sif_pool, uniq_jessica, uniq_natasha, uniq_sigmund
D:3:      serial_forest, infiniplex_forest_clump_curved,
          infiniplex_forest_end_1, infiniplex_forest_end_3,
          infiniplex_forest_end_2, infiniplex_forest_clump_double,
          infiniplex_forest_end_double, infiniplex_forest_end_2,
          infiniplex_forest_clump_long, infiniplex_forest_straight_2
D:4:      grunt_temple_overflow_open, old_standard_altar, roderic_batcave,
          minmay_misc_feat_chi, uniq_duvessa
